 Dungeon Crawl Stone Soup version 0.31.0-32-g396128a36d (webtiles) character file.

Game seed: 887648284281037626

736 imdaedric the Sneak (level 8, -3/43 (48) HPs)
             Began as a Kobold Brigand on Apr 24, 2024.
             Was an Initiate of Dithmenos.
             Slain by a wight
             ... wielding a +1 great sword
              (21 damage)
             ... on level 5 of the Dungeon.
             The game lasted 00:10:44 (6004 turns).

imdaedric the Sneak (Kobold Brigand)                Turns: 6004, Time: 00:10:45

HP:   -3/43 (48)    AC:  3    Str:  9    XL:     8   Next: 4%
MP:   9/9           EV: 17    Int: 12    God:    Dithmenos [......]
Gold: 170           SH:  0    Dex: 23    Spells: 7/7 levels left

rFire   + . .        a - +2 dagger
rCold   . . .        (no shield)
rNeg    . . .        k - +0 robe {Will+}
rPois   .            (no helmet)
rElec   .            j - +0 cloak "Wuybefy" {rF+ Dex+5}
rCorr   +            (no gloves)
SInv    .            (no boots)
Will    +....        (no amulet)
Stlth   +++++        w - ring of resist corrosion
HPRegen 0.27/turn    (no ring)
MPRegen 0.11/turn

%: no passive effects
@: studying Maces & Flails, heavily drained
A: small, no large weapons, nightstalker 3
a: Renounce Religion


You were on level 5 of the Dungeon.
You worshipped Dithmenos.
Dithmenos was noncommittal.
You visited 2 branches of the dungeon, and saw 7 of its levels.

You collected 170 gold pieces.

Inventory:

Hand Weapons
 a - a +2 dagger (weapon)
Missiles
 d - 5 boomerangs
 e - 3 curare-tipped darts (quivered)
 m - 10 poisoned darts
Armour
 j - the +0 cloak "Wuybefy" (worn) {rF+ Dex+5}
   (You acquired it on level 2 of the Dungeon)

   Dex+5:     It affects your dexterity (+5).
   rF+:       It protects you from fire.
 k - a +0 robe of willpower (worn)
Jewellery
 q - a ring of fire
 v - an amulet of magic regeneration
 w - a ring of resist corrosion (left hand)
Scrolls
 b - a scroll of noise
 i - a scroll of blinking
 l - a scroll of teleportation
Potions
 c - a potion of invisibility {unknown}
 f - a potion of might {unknown}
 g - a potion of attraction {unknown}
 h - 2 potions of enlightenment
 n - a potion of lignification {unknown}
 o - a potion of heal wounds {unknown}
 r - a potion of ambrosia {unknown}
 u - a potion of brilliance {unknown}


   Skills:
 + Level 4.4 Fighting
 + Level 5.2 Short Blades
 + Level 4.3 Throwing
 + Level 4.2 Dodging
 + Level 7.1 Stealth
 + Level 2.6 Invocations


You had 7 spell levels left.
You didn't know any spells.
Your spell library contained the following spells:

 Spells                   Type           Power      Damage    Failure   Level
 Kiss of Death            Conj/Necr      0%         2d5       32%         1
 Confusing Touch          Hex            0%         N/A       69%         3
 Dispel Undead            Necr           0%         3d6       97%         4


Dungeon Overview and Level Annotations

Branches:
Dungeon (6/15)             Temple (1/1) D:4

Altars:
Ashenzari
Cheibriados
Dithmenos
Elyvilon
Fedhas
Gozag
Hepliaklqana
Kikubaaqudgha
Makhleb
Nemelex Xobeh
Okawaru
Qazlal
Ru
Sif Muna
Trog
Uskayaw
Vehumet
Wu Jian
Xom
Yredelemnul
Zin
The Shining One

Shops:
D:5 [


Innate Abilities, Weirdness & Mutations

You are small and have problems with some larger weapons.
You are completely attuned to the shadows.


Message History

There are monsters nearby!
You closely miss the orc. The orc hits you with a +0 hand axe.
You hit the orc.
The orc is moderately wounded.
The orc misses you.
You hit the orc.
The orc is severely wounded.
You hit the orc.
You kill the orc!
Dithmenos accepts your kill. The wight misses you.
You hit the wight but do no damage. You hit the wight.
The wight is moderately damaged.
The wight hits you with a +1 great sword!
You feel drained.
You are too injured to fight recklessly!
You are too injured to fight recklessly!
You are too injured to fight recklessly!
You are too injured to fight recklessly!
You are too injured to fight recklessly!
You are too injured to fight recklessly!
You are too injured to fight recklessly!
You are too injured to fight recklessly!
You are too injured to fight recklessly!
You are too injured to fight recklessly!
You are too injured to fight recklessly!
You are too injured to fight recklessly!
You are too injured to fight recklessly!
You are too injured to fight recklessly!
You are too injured to fight recklessly!
You are too injured to fight recklessly!
You are too injured to fight recklessly!
You are too injured to fight recklessly!
Okay, then.
Okay, then.
You hit the wight.
The wight is moderately damaged.
The wight hits you with a +1 great sword!!
You die...

####....##.##.#...........##.....
# ##.#............>.####.#..##..
# ##.#..............#.#.....###.
####..........................###
##........................##...##
##....^..........................
.................................
................).............#..
................@.............###
#.............#.z...........#.#
##......##...####..........>..###
#.....#####.............##...))..
##....# ###.#.#...###...####.....
##....###...###.......#...#......
#.....##..............###.#..#...
......##......#.......##....##..#
.......#.....##.............#...#


You could see a wight.

Vanquished Creatures
  A phantom (D:5)
  A scorpion (D:4)
  5 hounds
  2 jellies
  2 orc priests
  2 iguanas
  2 sleepcaps
  Jessica (D:3)
  An orc wizard (D:4)
  5 adders
  2 ribbon worms
  2 dart slugs
  14 orcs
  7 ball pythons
  6 bats
  10 endoplasms
  3 giant cockroaches
  11 hobgoblins
  9 jackals
  6 quokkas
  4 frilled lizards
  5 goblins
  6 kobolds
  9 rats
116 creatures vanquished.

Notes
Turn   | Place    | Note
-------+----------+-------------------------------------------
     0 | D:1      | imdaedric the Kobold Brigand began the quest for the Orb.
     0 | D:1      | Reached XP level 1. HP: 12/12 MP: 1/1
   140 | D:1      | Reached XP level 2. HP: 17/18 MP: 2/2
   317 | D:1      | Reached XP level 3. HP: 22/22 MP: 3/3
  1159 | D:2      | Reached XP level 4. HP: 26/27 MP: 4/4
  1571 | D:2      | Identified a scroll of acquirement
  1804 | D:2      | Acquired the +0 cloak "Wuybefy" {rF+ Dex+5}
  2045 | D:3      | Reached skill level 6 in Stealth
  2117 | D:3      | You fall into a shaft and drop 1 floor!
  2124 | D:4      | Reached XP level 5. HP: 32/32 MP: 5/5
  2182 | D:4      | Found a staircase to the Ecumenical Temple.
  2193 | Temple   | Entered the Ecumenical Temple
  2231 | Temple   | Became a worshipper of Dithmenos the Shadowed
  2550 | D:3      | Found a hazy altar of Hepliaklqana.
  2784 | D:3      | Noticed Jessica
  2798 | D:3      | Killed Jessica
  3232 | D:4      | Reached XP level 6. HP: 23/37 MP: 6/6
  3481 | D:4      | Reached skill level 1 in Invocations
  4149 | D:4      | Reached XP level 7. HP: 42/42 MP: 6/8
  4180 | D:4      | Found a bloodstained altar of Trog.
  4233 | D:4      | Reached * piety under Dithmenos
  4302 | D:5      | Entered Level 5 of the Dungeon
  4851 | D:5      | Found Topiox's Armour Shoppe.
  4859 | D:5      | Reached skill level 7 in Stealth
  4861 | D:5      | Reached skill level 5 in Short Blades
  5119 | D:5      | Reached XP level 8. HP: 48/48 MP: 9/9
  6004 | D:5      | Slain by a wight

Illustrated notes

Levels and vault maps discovered:
D:1:      kilobyte_arrival_exit_the_forest, layout_basic,
          hangedman_abyss_or_decor_stabs, minmay_tetromino_s4
D:2:      layout_basic
D:3:      layout_basic, mainiacjoe_overflow_alcove_1, uniq_jessica
D:4:      layout_basic, trog_butcher_becter, minmay_temple_entry_stoned_glass,
          minmay_misc_feat_hallway, minmay_misc_feat_diagonals
D:5:      layout_cave_pools, serial_shops, shop, reono_crystal_passage
D:6:      kennysheep_housing_project, layout_cave_pools, serial_shops, shop,
          nicolae_the_louvre
Temple:   mainiacjoe_temple_cubbyholes

Skill      XL: |  1  2  3  4  5  6  7 |
---------------+----------------------+-----
Short Blades   | 3 4 5 |  5.2
Dodging        | 2 3 4 |  4.2
Fighting       | 3 4 |  4.4
Throwing       | 3 4 |  4.3
Stealth        | 6 7 |  7.1
Invocations    | 1 2 |  2.6

Action                     |  1- 3 |  4- 6 |  7- 9 || total
---------------------------+-------+-------+-------++-------
  Melee: Dagger            |    73 |   134 |   121 ||   328
         Punch             |       |     3 |     3 ||     6
  Throw: Dart              |    13 |    14 |     9 ||    36
         Boomerang         |       |     1 |       ||     1
    Use: Scroll            |       |     9 |     3 ||    12
         Potion            |       |       |     2 ||     2
   Stab: Sleeping          |    15 |    31 |     7 ||    53
         Distracted        |       |     1 |       ||     1
 Armour: Robe              |    20 |    42 |    29 ||    91
  Dodge: Dodged            |    65 |    68 |    80 ||   213
